Map: [ESL] Ancient Cistern

Players

GuMiho

  • Race: Terran Terran

Solar - Winner!

  • Race: Zerg Zerg

Event: IEM Katowice 2023

VOD

Have the link to the VOD?

Description

Time

  • Played on: Feb. 11, 2023, 10:15 a.m.
  • Length: 14:28

All games in this series

Show
View Real Time Build Order
Export as new Build Order

GuMiho Terran 

Build Orders: Reaper Expand 

Get SALT Encoding   

  12  0:00  SCV  
  13  0:12  SCV  
  14  0:16  Supply Depot  
  14  0:24  SCV  
  15  0:38  SCV  
  15  0:39  Barracks  
  16  0:43  Refinery  
  16  0:50  SCV  
  17  1:02  SCV  
  18  1:14  SCV  
  19  1:26  Reaper  
  19  1:27  Orbital Command  
  20  1:38  Command Center  
  20  1:46  Supply Depot  
  20  1:52  SCV  
  21  1:58  Marine  
  22  2:04  SCV  
  23  2:09  Factory  
  23  2:16  Marine, SCV  
  25  2:28  Refinery  
  25  2:29  SCV  
  26  2:35  Barracks Reactor  
  26  2:41  SCV  
  26  2:53  SCV, Hellion  
  29  2:59  Starport  
  29  3:05  SCV  
  30  3:06  Orbital Command  
  30  3:12  Marine x2  
  32  3:14  Factory Tech Lab  
  32  3:17  SCV  
  33  3:28  Supply Depot  
  33  3:29  SCV  
  36  3:35  Medivac  
  37  3:41  SCV  
  37  3:42  SCV  
  37  3:43  Barracks  
  37  3:44  Factory Reactor  
  37  3:46  Barracks  
  38  3:50  Stimpack  
  38  3:51  Marine  
  38  3:54  SCV  
  40  3:56  SCV  
  40  3:59  Supply Depot  
  41  4:06  SCV  
  41  4:08  SCV  
  43  4:11  Marine  
  43  4:14  Starport Reactor  
  44  4:18  SCV  
  44  4:20  SCV  
  44  4:22  Hellion  
  44  4:23  Supply Depot, Hellion  
  50  4:28  Marine  
  50  4:30  SCV  
  52  4:32  Engineering Bay, SCV  
  53  4:42  SCV  
  53  4:44  SCV, Hellion x2  
  53  4:45  Marine  
  60  4:48  Marine  
  60  4:49  Marine  
  60  4:52  Supply Depot  
  62  4:53  Marine  
  62  4:54  SCV  
  62  4:56  SCV  
  62  4:57  Medivac  
  67  5:02  Medivac, Terran Infantry Weapons Level 1  
  69  5:07  Supply Depot  
  69  5:08  Marine  
  69  5:13  Marine  
  71  5:14  SCV x2, Supply Depot  
  73  5:23  Factory Reactor  
  73  5:25  Marine x3  
  73  5:26  SCV x2  
  78  5:30  Combat Shield  
  78  5:38  SCV  
  78  5:39  Marine x2, SCV  
  78  5:41  Supply Depot  
  82  5:44  Refinery  
  82  5:49  Barracks  
  82  5:50  Barracks  
  82  5:51  Marine, SCV x2  
  82  5:52  Marine  
  86  5:58  Marine  
  86  6:02  Medivac  
  86  6:03  SCV x2  
  89  6:08  Marine, Medivac  
  89  6:09  Marine  
  92  6:20  Marine x2  
  92  6:21  Marine  
  97  6:28  Command Center  
  97  6:30  Factory Tech Lab  
  97  6:31  Marine  
  97  6:32  Marine  
  97  6:35  Supply Depot  
  97  6:38  Marine, Supply Depot  
  98  6:40  Marine x2  
  100  6:53  Marine x2  
  102  6:57  Marine, Siege Tank  
  102  6:59  Supply Depot  
  102  7:00  Marine  
  102  7:01  Marine x2  
  109  7:02  Supply Depot  
  109  7:03  Concussive Shells, Marauder  
  109  7:04  Terran Infantry Armor Level 1  
  109  7:07  Medivac  
  114  7:12  Barracks Tech Lab  
  114  7:14  Refinery  
  114  7:15  Supply Depot  
  113  7:24  Marauder  
  113  7:25  Marine x2  
  113  7:28  Marine x4  
  121  7:31  Siege Tank  
  124  7:39  Marauder  
  124  7:41  SCV x2  
  124  7:43  Marine x2  
  130  7:46  Marauder  
  132  7:53  SCV x2  
  134  8:01  Marauder  
  134  8:02  Marine x6  
  134  8:04  Siege Tank  
  145  8:05  SCV x2  
  145  8:06  Orbital Command  
  145  8:12  Supply Depot  
  145  8:13  Supply Depot  
  145  8:16  Marine  
  145  8:18  SCV x2  
  145  8:19  Marine x2  
  148  8:20  Marine x2  
  148  8:22  Marine x2  
  148  8:23  Marauder  
  156  8:29  Supply Depot  
  156  8:34  Marine, Medivac  
  158  8:37  Marine x3  
  158  8:38  Marine  
  163  8:42  Marine  
  163  8:43  Marine  
  163  8:44  Marauder  
  163  8:48  Sensor Tower, SCV x3  
  170  8:53  Marauder  
  170  8:55  Marine  
  173  8:56  Siege Tank  
  172  9:04  Command Center  
  172  9:10  Medivac x2  
  176  9:17  Marine x2  
  176  9:18  Marauder, Armory  
  176  9:19  Marine  
  176  9:20  Engineering Bay  
  176  9:24  Supply Depot  
  181  9:25  Marine  
  181  9:27  Marine  
  181  9:28  Marine  
  181  9:29  Supply Depot  
  181  9:31  Marauder  
  186  9:37  Siege Tank  
  188  9:57  Liberator x2  
  192  10:09  Siege Tank  
  195  10:20  Marine x2  
  199  10:21  Marine, Marauder  
  195  10:30  Terran Infantry Weapons Level 2  
  195  10:32  Marine x2  
  195  10:33  Marine x2  
  197  10:38  Marine x2  
  197  10:39  Marine  
  197  10:42  Marine  
  176  10:50  Marine x3  
  176  10:51  Marine, Terran Infantry Armor Level 2  
  176  10:56  Marine x2  
  176  10:57  Marine  
  169  10:59  Siege Tank  
  169  11:00  Marine  
  169  11:08  Marine x4  
  166  11:13  Marine x2  
  166  11:14  Marine  
  134  11:23  Marauder  
  117  11:26  Marine x4  
  117  11:27  SCV x3  
  117  11:31  Marine x2  
  117  11:32  Marine  
  126  11:34  Siege Tank  
  126  11:39  SCV  
  132  11:40  SCV x2  
  132  11:43  Refinery x2  
  132  11:44  Marine x5  
  138  11:49  Marine x2  
  138  11:50  Marine  
  138  11:51  SCV  
  142  12:01  Marine  
  142  12:02  Marine, Marauder x2  
  142  12:08  Siege Tank  
  151  12:09  SCV x3  
  151  12:14  Ghost Academy  
  153  12:16  Liberator  
  153  12:21  Marine  
  151  12:23  Marauder  
  145  12:51  Marine x2, Medivac  
  134  12:52  Marine, Marauder  
  134  12:55  SCV x3  
  141  12:59  Marine, Medivac  
  141  13:00  Marine x2, Marauder  
  141  13:04  Orbital Command  
  148  13:11  SCV x2  
  150  13:15  Marine x2  
  152  13:21  Ghost x2  
  152  13:23  SCV x2  
  152  13:24  SCV  
  156  13:28  Ghost  
  156  13:29  Widow Mine  
  156  13:30  Medivac x2, Widow Mine  
  156  13:33  Bunker  
  166  13:34  SCV  
  166  13:35  SCV  
  166  13:36  SCV x2  
  170  13:47  Marine  
  169  13:51  Marauder  
  165  13:55  Marine  
  165  13:56  Marine, Marauder  
  136  14:05  Marine x2  
  136  14:06  Marauder  
Show
View Real Time Build Order
Export as new Build Order

Solar Zerg - Winner!

Build Orders: Pool First 

Get SALT Encoding   

  12  0:00  Drone  
  13  0:12  Overlord  
  13  0:17  Drone  
  14  0:31  Drone x2  
  16  0:40  Spawning Pool  
  15  0:44  Drone  
  15  0:47  Drone  
  17  1:08  Hatchery  
  17  1:11  Drone  
  17  1:25  Extractor  
  16  1:27  Zergling x4  
  16  1:28  Zergling x2  
  16  1:31  Queen  
  21  1:38  Overlord  
  21  1:49  Drone  
  22  1:59  Drone  
  23  2:07  Queen  
  25  2:11  Drone  
  26  2:24  Drone x2  
  27  2:30  Drone  
  27  2:33  Drone  
  29  2:40  Drone  
  29  2:43  Drone  
  29  2:48  Hatchery, Queen  
  30  2:54  Drone  
  30  2:58  Overlord, Drone  
  32  3:02  Drone  
  33  3:06  Drone  
  33  3:11  Metabolic Boost  
  33  3:12  Drone  
  35  3:15  Drone  
  35  3:17  Drone  
  35  3:18  Drone  
  38  3:20  Drone  
  38  3:22  Drone  
  38  3:26  Drone  
  41  3:30  Queen  
  43  3:34  Overlord  
  43  3:36  Drone  
  44  3:48  Overlord  
  44  3:52  Queen  
  44  3:53  Drone x3  
  49  3:56  Zergling x6  
  49  4:01  Queen  
  54  4:04  Drone x3  
  57  4:10  Zergling x6  
  57  4:12  Drone  
  57  4:15  Overlord  
  61  4:20  Drone x2  
  61  4:21  Drone  
  61  4:23  Zergling x2  
  65  4:24  Drone  
  65  4:25  Spore Crawler  
  65  4:27  Overlord  
  65  4:32  Overlord  
  65  4:34  Drone  
  65  4:35  Drone  
  66  4:41  Overlord  
  66  4:42  Drone x2  
  66  4:46  Queen x2  
  66  4:50  Spore Crawler  
  69  4:55  Zergling x14  
  76  5:00  Lair  
  76  5:02  Drone  
  76  5:03  Extractor  
  76  5:06  Drone x2, Roach Warren  
  77  5:12  Drone  
  77  5:13  Drone x3  
  81  5:15  Drone x3  
  81  5:17  Drone x2  
  81  5:19  Extractor  
  81  5:20  Drone  
  86  5:21  Extractor  
  85  5:30  Overlord  
  85  5:34  Drone x5  
  88  5:40  Overlord  
  88  5:42  Extractor  
  87  5:43  Extractor  
  87  5:44  Evolution Chamber  
  87  5:45  Evolution Chamber  
  87  5:47  Overlord, Roach x5  
  94  5:54  Roach  
  94  5:55  Drone x2, Roach x2  
  94  5:56  Overlord  
  102  5:57  Drone  
  102  5:59  Overlord  
  102  6:02  Drone  
  99  6:13  Drone x3  
  99  6:16  Drone x2  
  99  6:18  Drone  
  105  6:26  Overseer  
  105  6:27  Roach x7  
  105  6:30  Overlord  
  105  6:31  Drone  
  105  6:32  Zerg Missile Weapons Level 1  
  120  6:36  Zerg Ground Armor Level 1  
  120  6:38  Overlord  
  120  6:41  Overlord  
  120  6:42  Roach  
  122  6:49  Drone  
  122  6:50  Overlord, Roach x2  
  122  6:53  Overlord  
  127  6:57  Ravager x4  
  127  6:59  Roach  
  127  7:00  Overlord  
  133  7:09  Drone  
  133  7:10  Roach x2  
  133  7:13  Roach x2  
  139  7:25  Drone  
  139  7:26  Drone  
  139  7:27  Roach x3, Baneling Nest  
  146  7:32  Roach x5  
  146  7:35  Overlord  
  156  7:37  Hatchery  
  156  7:39  Zergling x6  
  158  7:46  Zergling x2  
  158  7:47  Infestation Pit  
  158  7:48  Overlord  
  158  7:50  Overseer, Ravager x2  
  160  7:52  Roach  
  160  7:53  Overlord  
  160  7:55  Roach x3  
  167  8:02  Hatchery  
  167  8:04  Glial Reconstitution  
  167  8:06  Zergling x14  
  167  8:08  Overlord  
  167  8:12  Centrifugal Hooks, Ravager x2  
  176  8:15  Zergling x4  
  176  8:17  Baneling  
  176  8:18  Baneling x4  
  176  8:19  Baneling  
  178  8:20  Zergling x2  
  178  8:24  Drone  
  178  8:25  Drone x3  
  183  8:30  Spore Crawler  
  183  8:31  Hive  
  183  8:33  Drone  
  183  8:34  Drone  
  184  8:36  Drone  
  184  8:37  Drone x2  
  184  8:39  Drone  
  187  8:41  Overlord  
  187  8:45  Zergling x6  
  187  8:48  Zerg Melee Weapons Level 1  
  190  8:54  Zerg Ground Armor Level 2  
  190  8:56  Drone  
  190  8:58  Zergling x2  
  190  8:59  Zergling x2  
  189  9:06  Baneling x10  
  189  9:07  Baneling x2  
  189  9:10  Zergling x10  
  193  9:25  Ravager  
  193  9:30  Spore Crawler  
  193  9:37  Baneling x7  
  193  9:38  Hatchery  
  192  9:41  Zergling x2  
  192  9:42  Zergling x6  
  192  9:51  Viper, Zergling x6  
  192  9:52  Adrenal Glands  
  198  9:53  Zergling x4  
  198  9:56  Zergling x2  
  198  9:58  Baneling x4  
  198  10:01  Zergling x4  
  199  10:07  Zergling x6  
  199  10:09  Baneling x11  
  200  10:15  Extractor  
  199  10:22  Zergling x2  
  199  10:29  Ultralisk Cavern  
  199  10:31  Baneling x2  
  199  10:35  Zergling x8  
  199  10:37  Zergling x4  
  198  10:45  Zergling x20  
  198  10:46  Zergling x4  
  198  10:49  Zergling x8  
  199  10:50  Zergling x6  
  199  10:54  Zergling x8  
  199  10:55  Zerg Melee Weapons Level 2  
  190  10:57  Zergling x2  
  190  10:59  Baneling  
  190  11:00  Baneling x13  
  190  11:02  Extractor  
  188  11:05  Zergling x6  
  177  11:12  Zergling x8  
  177  11:18  Chitinous Plating  
  162  11:21  Zergling x4  
  162  11:24  Zergling x4  
  156  11:28  Queen  
  156  11:29  Queen  
  156  11:30  Zergling x4  
  156  11:31  Drone x2, Spore Crawler  
  156  11:32  Ultralisk, Zergling x2  
  170  11:33  Baneling x4, Hatchery, Zergling x4  
  170  11:36  Ravager  
  170  11:39  Zergling x4  
  174  11:40  Ravager  
  174  11:41  Zergling x2  
  174  11:45  Baneling x4  
  176  11:47  Zergling x6  
  176  11:48  Baneling x2  
  179  11:55  Drone x2  
  179  11:56  Baneling x2  
  179  11:57  Zergling x4  
  179  12:01  Drone x4  
  184  12:03  Drone x3  
  188  12:10  Zergling x6  
  188  12:15  Ultralisk  
  196  12:19  Zergling x4  
  195  12:25  Zergling x4  
  195  12:30  Zergling x10  
  198  12:45  Zergling x2  
  198  12:46  Zergling x12  
  196  12:57  Baneling x2  
  196  12:58  Baneling  
  195  13:01  Zergling x8  
  195  13:02  Baneling  
  195  13:03  Baneling x2  
  199  13:07  Drone x2  
  199  13:08  Drone  
  199  13:16  Spore Crawler  
  199  13:17  Drone  
  199  13:32  Hatchery  
  198  13:36  Drone  
  199  13:46  Zergling x2  
  199  13:50  Zergling x2  
  199  13:53  Baneling x2  
  187  13:55  Zergling x2  
  187  13:56  Zergling x30  
  187  13:58  Zergling x12  
  198  14:09  Zergling x2  

Tags
 
Add a new tag
Caveats
  • Supply blocks, unpowered buildings, or Contaminate may cause inaccurate times.
  • Supply counts are checked every 10 seconds.